 Dungeon Crawl Stone Soup version 0.23-a0-73-g64c3ba73d4 (webtiles) character file.

655 Roikka the Magician (level 7, -4/51 HPs)
             Began as a Gnoll Wizard on Aug 10, 2018.
             Slain by a centaur (7 damage)
             ... on level 5 of the Dungeon.
             The game lasted 00:18:25 (4607 turns).

Roikka the Magician (Gnoll Wizard)                  Turns: 4607, Time: 00:18:27

Health: -4/51      AC:  3    Str: 12    XL:     7   Next: 54%
Magic:  15/18      EV: 20    Int: 24    God:
Gold:   184        SH:  0    Dex: 18    Spells: 10/21 levels left

rFire    . . .     SeeInvis .   n - +0 scythe
rCold    . . .     Gourm    .   (shield currently unavailable)
rNeg     . . .     Faith    .   a - -2 leather armour (curse)
rPois    .         Spirit   .   r - +0 helmet
rElec    .         Reflect  .   k - +0 cloak
rCorr    +         Harm     .   (no gloves)
MR       .....                  (no boots)
Stlth    ++++......             (no amulet)
HPRegen  0.17/turn              j - ring of resist corrosion
MPRegen  0.16/turn              e - +4 ring of intelligence

@: agile
A: distributed training, fangs 1, strong nose
a: no special abilities


You were on level 5 of the Dungeon.
You were not hungry.

You visited 1 branch of the dungeon, and saw 5 of its levels.

You collected 184 gold pieces.

Inventory:

Hand Weapons
 n - a +0 scythe (weapon)
Missiles
 f - 7 javelins (quivered)
Armour
 a - a cursed -2 leather armour (worn)
 b - a +0 shield
 c - a +0 animal skin
 k - a +0 cloak (worn)
 r - a +0 helmet (worn)
Jewellery
 e - a +4 ring of intelligence (right hand)
 j - a ring of resist corrosion (left hand)
 m - an uncursed ring of stealth
Scrolls
 o - a scroll of teleportation
 s - 3 scrolls of magic mapping
Potions
 g - 2 potions of curing
 i - 2 potions of ambrosia
Comestibles
 d - 5 rations
 h - 3 chunks of flesh


   Skills:
 + Level 2.5 Fighting
 + Level 2.5 Short Blades
 + Level 2.5 Long Blades
 + Level 2.5 Axes
 + Level 2.5 Maces & Flails
 + Level 2.5 Polearms
 + Level 2.5 Staves
 + Level 2.5 Slings
 + Level 2.5 Bows
 + Level 2.5 Crossbows
 + Level 2.5 Throwing
 + Level 2.5 Armour
 + Level 5.2 Dodging
 + Level 4.9 Stealth
 + Level 2.5 Shields
 + Level 2.5 Unarmed Combat
 + Level 7.6 Spellcasting
 + Level 3.0 Conjurations
 + Level 2.0 Hexes
 + Level 2.0 Charms
 + Level 3.0 Summonings
 + Level 2.0 Necromancy
 + Level 3.0 Translocations
 + Level 2.0 Transmutations
 + Level 2.0 Fire Magic
 + Level 2.0 Ice Magic
 + Level 2.0 Air Magic
 + Level 2.0 Earth Magic
 + Level 2.0 Poison Magic
 + Level 2.8 Invocations
 + Level 2.5 Evocations


You had 10 spell levels left.
You knew the following spells:

 Your Spells              Type           Power        Failure   Level  Hunger
a - Magic Dart            Conj           ###.         2%          1    None
b - Call Imp              Summ           ###.....     3%          2    None
c - Blink                 Tloc           N/A          3%          2    None
d - Conjure Flame         Conj/Fire      ###.....     9%          3    None
e - Mephitic Cloud        Conj/Pois/Air  ###.....     10%         3    None

Your spell library contained the following spells:

 Spells                   Type           Power        Failure   Level  Hunger
 Fireball                 Conj/Fire      ###.......   63%         5    #####..
 Bolt of Fire             Conj/Fire      ###.......   99%         6    ######.
 Slow                     Hex            ###.....     5%          2    None
 Ring of Flames           Chrm/Fire      ###.......   100%        7    #######
 Ignite Poison            Fire/Tmut/Pois ###.....     11%         3    None
 Ignition                 Fire           ###.......   100%        8    #######


Dungeon Overview and Level Annotations

Branches:
Dungeon (5/15)
 Temple: D:4-7

Altars:
Kikubaaqudgha
Okawaru
Qazlal

Annotations:
D:3 3 runed doors, Htamos's ghost, amateur KoFi
D:5 Edmund


Innate Abilities, Weirdness & Mutations

Your experience applies equally to all skills.
You have very sharp teeth.
Your uncanny sense of smell can sniff out nearby items.


Message History

The centaur misses you.
Your crimson imp blinks!
The centaur closely misses you. x2
You closely miss the centaur.
The centaur is severely wounded.
The centaur barely misses you.
The centaur hits you but does no damage.
Your crimson imp blinks!
You barely miss the centaur.
The centaur is severely wounded.
The centaur barely misses you. The centaur closely misses you. x2
You feel agile all of a sudden. The centaur misses you.
The centaur completely misses you.
You closely miss the centaur.
The centaur is severely wounded.
The centaur hits you!
* * * LOW HITPOINT WARNING * * *
Your crimson imp blinks!
The centaur hits you!
You die...

#.....####.##
##.##....5..#
............# .§
........#
#.......##..### ##
.#.......#
#.............#
.########.#
##.##.......#.# . # ##
)...>.......#.# ..#
............#.######...#
..........#§#.#.........
......##..(....(@c......
.....###......#.........
.........5..########...#
.....#####.## ..# ######
#. . #. #. #.


You could see a centaur and a friendly crimson imp.

Vanquished Creatures
  Sigmund (D:5)
  A crimson imp (D:5)
  A hound (D:5)
  An orc priest (D:5)
  An iguana (D:5)
  Natasha (D:3)
  An orc wizard (D:5)
  A worker ant (D:5)
  A hound skeleton (D:4)
  Robin (D:2)
  4 adders
  An adder zombie (D:5)
  An adder skeleton (D:5)
  A worm (D:2)
  A leopard gecko (D:1)
  6 orcs
  4 bats
  3 goblins
  4 hobgoblins
  7 kobolds
  2 quokkas
  5 frilled lizards
  A quokka skeleton (D:4)
  5 rats
55 creatures vanquished.

Vanquished Creatures (collateral kills)
  Menkaure (D:4)
  An ice beast (D:5)
  A crimson imp (D:4)
  An orc wizard (D:3)
  Natasha (D:3)
  2 worker ants (D:4)
  2 adders
  An ooze (D:2)
  A leopard gecko (D:5)
  4 orcs
  2 giant cockroaches (D:3)
  4 goblins (D:2)
  2 hobgoblins (D:2)
  7 jackals
  A ball python (D:3)
  A bat (D:2)
  A rat (D:2)
33 creatures vanquished.

Grand Total: 88 creatures vanquished

Notes
Turn   | Place    | Note
-------+----------+-------------------------------------------
     0 | D:1      | Roikka the Gnoll Wizard began the quest for the Orb.
     0 | D:1      | Reached XP level 1. HP: 13/13 MP: 8/8
   332 | D:1      | Reached XP level 2. HP: 19/19 MP: 7/10
   620 | D:2      | Learned a level 2 spell: Call Imp
   623 | D:2      | Learned a level 2 spell: Blink
   687 | D:2      | Reached XP level 3. HP: 18/25 MP: 5/11
  1135 | D:2      | Reached skill level 1 in Invocations
  1266 | D:2      | Noticed Robin
  1298 | D:2      | HP: 1/25 [Robin/whip (9)]
  1302 | D:2      | Killed Robin
  1302 | D:2      | Reached skill level 1 in Fighting
  1302 | D:2      | Reached skill level 1 in Short Blades
  1302 | D:2      | Reached skill level 1 in Long Blades
  1302 | D:2      | Reached skill level 1 in Axes
  1302 | D:2      | Reached skill level 1 in Maces & Flails
  1302 | D:2      | Reached skill level 1 in Polearms
  1302 | D:2      | Reached skill level 1 in Staves
  1302 | D:2      | Reached skill level 1 in Slings
  1302 | D:2      | Reached skill level 1 in Bows
  1302 | D:2      | Reached skill level 1 in Crossbows
  1302 | D:2      | Reached skill level 1 in Throwing
  1302 | D:2      | Reached skill level 1 in Armour
  1302 | D:2      | Reached skill level 1 in Shields
  1302 | D:2      | Reached skill level 1 in Unarmed Combat
  1302 | D:2      | Reached skill level 1 in Evocations
  1767 | D:2      | Found an iron altar of Okawaru.
  1953 | D:3      | Found a runed gate.
  1953 | D:3      | Noticed Htamos's ghost (amateur KoFi)
  1953 | D:3      | Noticed a bullfrog
  1962 | D:3      | Found a runed gate.
  1962 | D:3      | Found a runed gate.
  1969 | D:3      | Reached XP level 4. HP: 32/32 MP: 8/13
  2336 | D:3      | Reached skill level 1 in Hexes
  2336 | D:3      | Reached skill level 1 in Charms
  2336 | D:3      | Reached skill level 1 in Necromancy
  2336 | D:3      | Reached skill level 1 in Transmutations
  2336 | D:3      | Reached skill level 1 in Fire Magic
  2336 | D:3      | Reached skill level 1 in Ice Magic
  2336 | D:3      | Reached skill level 1 in Air Magic
  2336 | D:3      | Reached skill level 1 in Earth Magic
  2336 | D:3      | Reached skill level 1 in Poison Magic
  2469 | D:3      | Found a stormy altar of Qazlal.
  2548 | D:3      | Noticed Natasha
  2564 | D:3      | Killed Natasha
  2564 | D:3      | Reached XP level 5. HP: 33/37 MP: 6/14
  2688 | D:3      | Noticed Natasha
  2705 | D:3      | Killed Natasha
  2937 | D:4      | Found an ancient bone altar of Kikubaaqudgha.
  3211 | D:4      | Learned a level 3 spell: Conjure Flame
  3215 | D:4      | Learned a level 3 spell: Mephitic Cloud
  3373 | D:4      | Noticed Menkaure
  3400 | D:4      | Killed Menkaure
  3400 | D:4      | Reached XP level 6. HP: 15/44 MP: 6/16
  3712 | D:5      | Entered Level 5 of the Dungeon
  3712 | D:5      | Noticed Edmund
  3869 | D:5      | Noticed Sigmund
  3877 | D:5      | Reached skill level 5 in Dodging
  3885 | D:5      | Killed Sigmund
  3885 | D:5      | Reached XP level 7. HP: 13/50 MP: 5/18
  4607 | D:5      | Slain by a centaur

Vault maps used:
D:1:      dpeg_arrival_windows_large_door
D:2:      old_standard_altar, uniq_robin
D:3:      nicolae_overflow_hidden_temple, first_ration, gammafunk_ghost_split,
          uniq_natasha
D:4:      kiku_gazebo_pond_becter, kennysheep_cross_bottleneck, uniq_menkaure
D:5:      trog_eyes_of_draining, uniq_edmund, uniq_sigmund

Skill      XL: |  1  2  3  4  5  6  7 |
---------------+----------------------+-----
Conjurations   | 2 3 |  3.0
Summonings     | 2 3 |  3.0
Translocations | 2 3 |  3.0
Invocations    | 1 2 |  2.8
Fighting       | 1 2 |  2.5
Short Blades   | 1 2 |  2.5
Long Blades    | 1 2 |  2.5
Axes           | 1 2 |  2.5
Maces & Flails | 1 2 |  2.5
Polearms       | 1 2 |  2.5
Staves         | 1 2 |  2.5
Slings         | 1 2 |  2.5
Bows           | 1 2 |  2.5
Crossbows      | 1 2 |  2.5
Throwing       | 1 2 |  2.5
Armour         | 1 2 |  2.5
Shields        | 1 2 |  2.5
Unarmed Combat | 1 2 |  2.5
Evocations     | 1 2 |  2.5
Hexes          | 1 2 |  2.0
Charms         | 1 2 |  2.0
Necromancy     | 1 2 |  2.0
Transmutations | 1 2 |  2.0
Fire Magic     | 1 2 |  2.0
Ice Magic      | 1 2 |  2.0
Air Magic      | 1 2 |  2.0
Earth Magic    | 1 2 |  2.0
Poison Magic   | 1 2 |  2.0
Dodging        | 5 |  5.2
Stealth        | |  4.9
Spellcasting   | |  7.6

Action                   |  1- 3 |  4- 6 |  7- 9 || total
-------------------------+-------+-------+-------++-------
Melee: Club              |     6 |    28 |       ||    34
       Bite              |       |     2 |     5 ||     7
       Scythe            |       |       |    49 ||    49
 Cast: Magic Dart        |    46 |    61 |     7 ||   114
       Call Imp          |    14 |    29 |    10 ||    53
  Use: Scroll            |     5 |     6 |       ||    11
       Potion            |       |       |     2 ||     2
 Stab: Distracted        |       |     1 |       ||     1
  Eat: Chunk             |     3 |     5 |       ||     8
       Ration            |       |       |     1 ||     1
Armor: Robe              |     4 |       |       ||     4
       Animal skin       |       |     3 |       ||     3
       Leather armour    |       |     3 |    13 ||    16
Dodge: Dodged            |    16 |    49 |    43 ||   108

Table legend:
 A = Non-vault XP
 B = Vault XP
 C = Vault XP percentage of total XP
 D = Non-vault monster count
 E = Vault monster count
 F = Vault count percentage of total count
 G = Total turns spent on level
                 A         B        C        D         E       F
            +---------+---------+-------+---------+---------+-------
      Total |     598 |     338 |  36.1 |      77 |      11 |  12.5
            +---------+---------+-------+---------+---------+-------
        D:1 |      23 |       0 |   0.0 |      14 |       0 |   0.0
        D:2 |      40 |      17 |  29.8 |      14 |       8 |  36.4
        D:3 |      93 |      29 |  23.8 |      24 |       1 |   4.0
        D:4 |     101 |      97 |  49.0 |       8 |       1 |  11.1
        D:5 |     341 |     195 |  36.4 |      17 |       1 |   5.6
            +---------+---------+-------+---------+---------+-------
